Map: Lerilak Crest

Players

LilDicky - Winner!

  • Race: Terran Terran
  • League: Diamond

Luschbert

  • Race: Terran Terran
  • League: Bronze

VOD

http://www.twitch.tv/tumescentpie

Description

Time

  • Played on: Jan. 3, 2016, 2:36 p.m.
  • Length: 5:50
Show
View Real Time Build Order
Export as new Build Order

LilDicky Terran - Winner!

Build Orders: Liberator Opening 

Get SALT Encoding   

  12  0:01  SCV  
  13  0:18  SCV  
  14  0:26  Supply Depot  
  14  0:47  SCV  
  15  0:53  Barracks  
  15  0:54  Refinery  
  15  1:06  SCV  
  16  1:21  SCV  
  17  1:30  Refinery  
  17  1:35  SCV  
  18  1:41  Supply Depot  
  18  1:49  SCV  
  18  1:52  Marine  
  20  2:01  Factory  
  20  2:02  Orbital Command  
  20  2:16  Marine  
  20  2:38  SCV  
  20  2:39  Marine  
  22  2:44  Factory Tech Lab  
  22  2:45  Starport  
  22  2:50  SCV  
  23  2:53  Supply Depot  
  23  2:57  Marine  
  24  3:04  Siege Tank  
  27  3:07  Liberator  
  27  3:10  Supply Depot  
  27  3:14  SCV, Marine  
  32  3:31  Engineering Bay  
  32  3:33  Marine  
  33  3:37  Siege Tank  
  36  3:45  SCV  
  37  3:55  Supply Depot  
  37  3:57  SCV  
  38  4:08  Marine  
  38  4:09  SCV, Siege Tank  
  42  4:30  Viking  
  44  4:31  SCV  
  45  4:41  Marine  
  45  4:43  SCV  
  45  4:45  Siege Tank  
  50  4:48  Missile Turret  
  50  4:56  SCV  
  49  5:13  Missile Turret  
  49  5:20  SCV  
Show
View Real Time Build Order
Export as new Build Order

Luschbert Terran 

Build Orders:  

Get SALT Encoding   

  12  0:01  SCV  
  13  0:13  SCV  
  14  0:22  Supply Depot  
  14  0:25  SCV  
  15  0:44  SCV  
  15  0:47  Refinery  
  16  0:55  Barracks  
  16  0:56  SCV  
  17  1:08  SCV  
  18  1:20  SCV  
  19  1:29  Command Center  
  20  1:32  SCV  
  20  1:43  Marine  
  21  1:50  Factory  
  21  1:58  Orbital Command  
  22  2:10  Barracks Reactor  
  22  2:14  Refinery  
  21  2:26  SCV  
  22  2:43  SCV  
  23  2:47  Starport  
  23  2:53  Orbital Command  
  23  3:03  SCV  
  23  3:05  Hellion x2  
  28  3:08  Supply Depot  
  28  3:09  Barracks Tech Lab  
  28  3:15  SCV  
  29  3:26  Hellion  
  29  3:27  Hellion  
  33  3:30  Supply Depot  
  32  3:36  Engineering Bay  
  32  3:43  Viking  
  32  3:46  SCV  
  32  3:48  Hellion  
  37  3:50  Orbital Command  
  37  3:58  SCV  
  38  4:10  SCV  
  38  4:11  Missile Turret  
  38  4:13  Raven  
  39  4:21  Hellion x2  
  39  4:22  SCV  
  44  4:28  Marine  
  39  4:42  Widow Mine x2  
  43  4:46  Marine  
  38  5:08  Orbital Command  
  38  5:11  Hellion  
  38  5:25  Hellion  
Tags
 
Add a new tag
Caveats
  • Supply blocks, unpowered buildings, or Contaminate may cause inaccurate times.
  • Supply counts are checked every 10 seconds.